 Dungeon Crawl Stone Soup version 0.17.0-23-g0de4337 (webtiles) character file.

65 Karnex the Skirmisher (level 4, -1/49 HPs)
             Began as an Ogre Berserker on Nov 14, 2015.
             Was a Believer of Trog.
             Succumbed to an adder's poison
             ... on level 2 of the Dungeon.
             The game lasted 00:08:50 (1784 turns).

Karnex the Skirmisher (Ogre Berserker)              Turns: 1784, Time: 00:08:50

Health: -1/49      AC:  3    Str: 23    XL:     4   Next: 13%
Magic:  4/4        EV: 10    Int:  6    God:    Trog [**....]
Gold:   24         SH:  0    Dex:  9    Spells: 0 memorised, 3 levels left

rFire  . . .     SeeInvis .     k - +0 club
rCold  . . .     Clarity  .     b - +0 animal skin
rNeg   . . .     SustAt   .     (no shield)
rPois  .         Gourm    .     (helmet restricted)
rElec  .         Spirit   .     (no cloak)
rCorr  .         Warding  .     (gloves unavailable)
rMut   .         Stasis   .     (boots unavailable)
MR     .....                    (no amulet)
Stlth  +.........               (no ring)
                                (no ring)

@: lethally poisoned (-1 -> -13), not resistant to hostile enchantments, very
unstealthy
A: unfitting armour, tough skin 1
a: Berserk, Trog's Hand, Burn Spellbooks, Renounce Religion


You were on level 2 of the Dungeon.
You worshipped Trog.
Trog was pleased with you.
You were not hungry.

You visited 1 branch of the dungeon, and saw 2 of its levels.

You collected 24 gold pieces.

Inventory:

Hand Weapons
 a - a +0 falchion
 k - a +0 club (weapon)
Missiles
 i - 24 arrows
 n - 21 bolts
Armour
 b - a +0 animal skin (worn)
 p - a cursed -2 robe
Scrolls
 d - 3 scrolls of teleportation {unknown}
 e - 2 scrolls of identify {unknown}
 g - a scroll of remove curse {unknown}
 l - a scroll of fear {unknown}
 m - a scroll of amnesia {unknown}
 r - a scroll of blinking {unknown}
Comestibles
 c - 3 bread rations
 f - 4 meat rations


   Skills:
 + Level 4.7 Fighting
 + Level 2.8 Long Blades
 + Level 0.3 Maces & Flails
 + Level 3.2 Dodging
 + Level 0.1 Stealth


You had 3 spell levels left.
You didn't know any spells.

Dungeon Overview and Level Annotations

Branches:
Dungeon (2/15)

Altars:


Innate Abilities, Weirdness & Mutations

You are too large for most types of armour.
You have tough skin (AC +1).


Message History

* * * LOW HITPOINT WARNING * * *
You are lethally poisoned!
The adder poisons you! The kobold barely misses you.
The adder barely misses you.
* * * LOW HITPOINT WARNING * * *
You feel sick.
* * * LOW HITPOINT WARNING * * *
You feel sick. The adder barely misses you.
* * * LOW HITPOINT WARNING * * *
You feel sick.
* * * LOW HITPOINT WARNING * * *
You feel sick. The adder bites you.
* * * LOW HITPOINT WARNING * * *
You are more poisoned.
The adder poisons you!
* * * LOW HITPOINT WARNING * * *
You feel sick.
* * * LOW HITPOINT WARNING * * *
You feel sick.
You die...

#.###♣♣..P♣♣ ##..... P.P♣.#.# #
#.###♣♣...♣ .... P.♣♣.#.# #
#.#......♣♣ ..♣.♣♣♣.#.# #
#.##.♣.♣♣♣##########.♣♣♣....###
#..................'..........'
#.##.##.#...#...####.....#..###
###.##.##.#...#...####.....#..#
#
#......##.'...)...'..+.....+..#
#.#########...#.@.####.....##.#
#.# #####..)# #.######.# #.#
#####KS.# #.# #.# #.# #.....S.#
#.. #.# #.# #.......# ##..
#.#♣♣♣♣♣ #......###... ##
#.♣♣P.P♣♣##......#... ..
#...P.P♣.♣♣......#.# ##
##♣♣.♣.P♣♣♣.....(..# #


You could see 2 adders and a kobold.

Vanquished Creatures
  Jessica (D:2)
  2 worms (D:2)
  3 giant geckos
  3 giant cockroaches (D:2)
  4 goblins
  4 hobgoblins (D:1)
  2 quokkas (D:2)
  A bat (D:2)
  4 giant newts
  2 jackals (D:2)
  A kobold (D:1)
  5 rats
32 creatures vanquished.

Notes
Turn   | Place    | Note
--------------------------------------------------------------
     0 | D:1      | Karnex the Ogre Berserker began the quest for the Orb.
     0 | D:1      | Reached XP level 1. HP: 24/24 MP: 1/1
   186 | D:1      | Reached XP level 2. HP: 29/32 MP: 2/2
   566 | D:2      | Noticed Jessica
   576 | D:2      | Killed Jessica
   576 | D:2      | Reached XP level 3. HP: 38/40 MP: 3/3
  1247 | D:2      | Reached XP level 4. HP: 35/49 MP: 4/4
  1640 | D:2      | Reached ** piety under Trog
  1782 | D:2      | HP: 2/49 [poisoned by an adder]
  1784 | D:2      | Succumbed to an adder's poison

Action                   |  1- 3 |  4- 6 || total
-------------------------+-------+-------++-------
Melee: Falchion          |    26 |       ||    26
       Club              |    90 |    55 ||   145
Invok: Berserk           |     1 |       ||     1
  Use: Potion            |       |     6 ||     6
 Stab: Sleeping          |     1 |       ||     1
  Eat: Chunk             |     2 |     2 ||     4
